 Dungeon Crawl Stone Soup version 0.28.0-43-g3370ac3207 (webtiles) character file.

Game seed: 9948924160263114306

24 jimonade the Prestidigitator (level 3, -3/25 HPs)
             Began as a Gnoll Wanderer on Mar 17, 2022.
             Slain by Jessica the fire bat (9 damage)
             ... on level 2 of the Dungeon.
             The game lasted 00:02:14 (835 turns).

jimonade the Prestidigitator (Gnoll Wanderer)        Turns: 835, Time: 00:02:15

Health: -3/25      AC:  3    Str: 14    XL:     3   Next: 2%
Magic:  3/3        EV: 12    Int:  9    God:
Gold:   26         SH:  0    Dex: 12    Spells: 3/3 levels left

rFire   . . .      SeeInvis .   a - +0 trident
rCold   . . .      Faith    .   (no shield)
rNeg    . . .      Spirit   .   d - +0 leather armour
rPois   .          Reflect  .   (no helmet)
rElec   .          Harm     .   (no cloak)
rCorr   .          Rampage  .   (no gloves)
Will    .....                   (no boots)
Stlth   +.........              (no amulet)
HPRegen 0.08/turn               (no ring)
MPRegen 0.08/turn               (no ring)

@: no status effects
A: fangs 1, strong nose, distributed training
a: no special abilities


You were on level 2 of the Dungeon.
You visited 1 branch of the dungeon, and saw 2 of its levels.

You collected 26 gold pieces.

Inventory:

Hand Weapons
 a - a +0 trident (weapon)
 g - a +0 hunting sling
Missiles
 f - 5 poisoned darts
 l - 9 stones
Armour
 d - a +0 leather armour (worn)
Wands
 c - a wand of polymorph (1) (quivered)
Scrolls
 b - a scroll of silence
 e - a scroll of identify {unknown}
 h - a scroll of noise {unknown}
 j - a scroll of teleportation {unknown}
Potions
 i - a potion of heal wounds {unknown}
 k - a potion of invisibility {unknown}


   Skills:
 + Level 0.5 Fighting
 + Level 0.5 Short Blades
 + Level 0.5 Long Blades
 + Level 0.5 Axes
 + Level 0.5 Maces & Flails
 + Level 8.5 Polearms
 + Level 0.5 Staves
 + Level 0.5 Slings
 + Level 0.5 Bows
 + Level 0.5 Crossbows
 + Level 2.5 Throwing
 + Level 0.5 Armour
 + Level 2.5 Dodging
 + Level 0.5 Stealth
 + Level 0.5 Shields
 + Level 0.5 Unarmed Combat
 + Level 0.5 Spellcasting
 + Level 0.4 Conjurations
 + Level 0.4 Hexes
 + Level 0.4 Summonings
 + Level 0.4 Necromancy
 + Level 0.4 Translocations
 + Level 0.4 Transmutations
 + Level 0.4 Fire Magic
 + Level 0.4 Ice Magic
 + Level 0.4 Air Magic
 + Level 0.4 Earth Magic
 + Level 0.4 Poison Magic
 + Level 0.7 Invocations
 + Level 8.5 Evocations


You had 3 spell levels left.
You didn't know any spells.
Your spell library contained the following spells:

 Spells                   Type           Power      Damage    Failure   Level
 Ensorcelled Hibernation  Hex/Ice        0%         N/A       54%         2
 Spider Form              Tmut/Pois      0%         N/A       77%         3
 Anguish                  Hex/Necr       0%         N/A       99%         4


Dungeon Overview and Level Annotations

Branches:
Dungeon (2/15)

Altars:

Annotations:
D:2 Jessica


Innate Abilities, Weirdness & Mutations

You have very sharp teeth.
Your uncanny sense of smell can sniff out nearby items.
Your experience applies equally to all skills.


Message History

You barely miss the worm.
The worm is moderately wounded.
The worm bites you.
You puncture the worm!
The worm is severely wounded.
You hit the worm.
The worm is severely wounded.
The worm closely misses you.
You puncture the worm!
You kill the worm!
You have reached level 3!
Your experience leads to an increase in your attributes!
Increase (S)trength, (I)ntelligence, or (D)exterity?
You feel stronger. x2
You see here a worm corpse.
You open the door.
There is an open door here.
Found a stone staircase leading down.
HP restored.
You open the door.
There is an open door here.
You open the door.
Jessica the Apprentice Sorceress comes into view.
She is wielding a +0 dagger.
There is an open door here.
Found a long sword and a scroll labelled HIJAEX NUNKIT.
Jessica shouts!
Jessica points at you and mumbles some strange words.
You resist with some effort.
Jessica barely resists.
Jessica hits you with a +0 dagger.
Jessica barely resists.
Jessica closely misses you.
Jessica evaporates and reforms as a kobold!
Jessica the kobold evaporates and reforms as a ball python!
Jessica bites you. Jessica closely misses you.
Jessica the ball python evaporates and reforms as a bat!
Jessica closely misses you.
Jessica the bat evaporates and reforms as a fire bat!
Jessica bites you.
You are engulfed in flames.
Jessica bites you.
* * * LOW HITPOINT WARNING * * *
You are engulfed in flames!
You die...

# #+ ....... #
####.#### .......
........# .......
........+ .......
.......)###.......
......b@+.#.......
........#.#.......
........'.'.......
..$.....#.#.......
.....####.########
)...>.............
....#####.########
.... #.# ..? #.#


You could see Jessica the fire bat.

Vanquished Creatures
  A worm (D:2)
  A dart slug (D:1)
  A ball python (D:1)
  3 bats (D:1)
  A giant cockroach (D:1)
  3 hobgoblins (D:1)
  3 jackals (D:1)
  A kobold (D:1)
  A quokka (D:1)
  2 rats (D:1)
17 creatures vanquished.

Notes
Turn   | Place    | Note
-------+----------+-------------------------------------------
     0 | D:1      | jimonade the Gnoll Wanderer began the quest for the Orb.
     0 | D:1      | jimonade set off with the following items: a +0 trident, a
                  | scroll of silence, a wand of polymorph (7), a +0 leather
                  | armour
     0 | D:1      | Reached XP level 1. HP: 13/13 MP: 1/1
    45 | D:1      | Reached XP level 2. HP: 18/19 MP: 2/2
   748 | D:2      | Reached XP level 3. HP: 19/25 MP: 3/3
   827 | D:2      | Noticed Jessica
   832 | D:2      | Noticed Jessica
   832 | D:2      | Jessica changed into Jessica the kobold
   833 | D:2      | Noticed Jessica
   833 | D:2      | Jessica the kobold changed into Jessica the ball python
   834 | D:2      | Noticed Jessica
   834 | D:2      | Jessica the ball python changed into Jessica the bat
   835 | D:2      | Noticed Jessica
   835 | D:2      | Jessica the bat changed into Jessica the fire bat
   835 | D:2      | Slain by Jessica the fire bat

Illustrated notes

Levels and vault maps discovered:
D:1:      mrwooster_arrival_arrow, layout_loops_ring, minmay_pentomino_s2
D:2:      layout_basic, hellmonk_ecumenical_altar_blasted, serial_aquarium,
          aquarium_bridge_square [aquarium_subvault_balcony,
          aquarium_subvault_bridge, aquarium_subvault_window,
          aquarium_subvault_bridge], aquarium_bridge_square
          [aquarium_subvault_window, aquarium_subvault_wall,
          aquarium_subvault_bridge, aquarium_subvault_bridge],
          aquarium_window_fake, aquarium_window_fake, aquarium_view_2c,
          aquarium_view_2d, minmay_misc_feat_diagonals, uniq_jessica

Action                   || total
-------------------------++-------
Melee: Trident           ||    50
       Bite              ||     2
Evoke: Wand              ||     6
 Stab: Sleeping          ||     2
Armor: Leather armour    ||     7
Dodge: Dodged            ||    19
